 Dungeon Crawl Stone Soup version 0.27.1 (webtiles) character file.

Game seed: 2013706064131116904

393 Malachi the Jinx (level 6, -9/42 HPs)
             Began as a Vampire Enchanter on Aug 25, 2021.
             Was an Initiate of Wu Jian.
             Mangled by a black bear (12 damage)
             ... on level 5 of the Dungeon.
             The game lasted 00:13:29 (5594 turns).

Malachi the Jinx (Vampire Enchanter)                Turns: 5594, Time: 00:13:30

Health: -9/42      AC:  3    Str:  7    XL:     6   Next: 51%
Magic:  4/9        EV: 27    Int: 19    God:    Wu Jian [......]
Gold:   310        SH:  0    Dex: 15    Spells: 0/9 levels left

rFire    . . .     SeeInvis +   a - +1 dagger
rCold    . . .     Faith    .   (no shield)
rNeg     . . .     Spirit   .   b - +0 robe
rPois    .         Reflect  .   (no helmet)
rElec    .         Harm     .   g - +0 cloak
rCorr    .         Rampage  .   (no gloves)
Will     .....                  (no boots)
Stlth    +++.......             e - amulet of the acrobat
HPRegen  0.34/turn              (no ring)
MPRegen  0.11/turn              (no ring)

@: confusing by touch, acrobatic, healing quickly
A: alive, fangs 3, see invisible, vampiric 2
a: Exsanguinate, Renounce Religion


You were on level 5 of the Dungeon.
You worshipped Wu Jian.
Wu Jian was noncommittal.
You visited 1 branch of the dungeon, and saw 5 of its levels.

You collected 310 gold pieces.

Inventory:

Hand Weapons
 a - a +1 dagger (weapon)
 h - a +0 great sword
Missiles
 d - 27 poisoned darts (quivered)
Armour
 b - a +0 robe (worn)
 g - a +0 cloak (worn)
Magical Staves
 k - a staff of poison
Jewellery
 e - an amulet of the acrobat (around neck)
 n - an amulet of reflection
Scrolls
 c - 2 scrolls of amnesia {unknown}
 f - 2 scrolls of teleportation
 m - a scroll of fog
 q - a scroll of identify
Potions
 j - 3 potions of resistance {unknown}
 l - 2 potions of haste
 o - a potion of flight {unknown}
 p - a potion of ambrosia {unknown}


   Skills:
 + Level 0.9 Fighting
 + Level 1.6 Short Blades
 - Level 2.2 Dodging
 + Level 4.9 Stealth
 - Level 2.0 Spellcasting
 * Level 9.0 Hexes
 - Level 3.0 Ice Magic


You couldn't memorise any spells.
You knew the following spells:

 Your Spells              Type           Power      Damage    Failure   Level
a - Corona                Hex            40%        N/A       1%          1
b - Ensorcelled Hibernat  Hex/Ice        48%        N/A       2%          2
c - Confusing Touch       Hex            36%        N/A       1%          3
d - Tukima's Dance        Hex            36%        N/A       1%          3

Your spell library contained the following spells:

 Spells                   Type           Power      Damage    Failure   Level
 Dazzling Flash           Conj/Hex       38%        N/A       8%          3


Dungeon Overview and Level Annotations

Branches:
Dungeon (5/15)
 Temple: D:4-7

Altars:
Elyvilon
Fedhas
Makhleb
Okawaru
Qazlal
Sif Muna
Trog
Uskayaw
Vehumet
Wu Jian

Shops:
D:1 =


Innate Abilities, Weirdness & Mutations

Your natural rate of healing is accelerated.
You have razor-sharp teeth.
You have supernaturally acute eyesight. (SInv)
You are afflicted with vampirism and can become a bat while bloodless.


Message History

The black bear barely misses you. The black bear claws you.
* * * LOW HITPOINT WARNING * * *
The black bear barely misses you.
You see here a +0 quarterstaff.
Casting: Ensorcelled Hibernation (safe; 2% risk of failure)
Confirm with . or Enter, or press ? or * to list all spells.
Your hands begin to glow red.
The black bear bites you but does no damage.
The black bear claws you.
* * * LOW HITPOINT WARNING * * *
The black bear claws you but does no damage.
The black bear goes berserk!
Okay, then.
Okay, then.
Okay, then.
You aren't carrying any items that you can evoke.
You feel much better. The black bear closely misses you.
The black bear claws you but does no damage.
The black bear barely misses you. The black bear completely misses you.
The black bear closely misses you. The black bear misses you.
You see here a +0 falchion.
The black bear bites you. The black bear misses you.
The black bear claws you but does no damage.
Casting: Confusing Touch (safe; 1% risk of failure)
Confirm with . or Enter, or press ? or * to list all spells.
You can't see any susceptible monsters within range! (Use Z to cast anyway.) Unknown command.
You hit the black bear but do no damage.
The black bear is severely wounded.
The black bear bites you!
* * * LOW HITPOINT WARNING * * *
The black bear claws you.
* * * LOW HITPOINT WARNING * * *
The black bear completely misses you. The black bear misses you.
The black bear closely misses you. The black bear claws you.
* * * LOW HITPOINT WARNING * * *
The black bear bites you!
You die...

...####.#..# #..
#.#..# #.#
#).)!# ..#
#....#
#.#.######....#
#.#...........#
#.########)..##
#.########...#
#.....@h.....#
#.####......##
####.####...#.##
#....##.......#
#.#####.......#
#.# #.......#
#.# #.#...###
#.# #.#...# #.#
#.##.##


You could see a black bear (berserk).

Vanquished Creatures
  An orc priest (D:3)
  A jelly (D:5)
  Natasha (thrice) (D:3)
  An orc wizard (D:5)
  4 gnolls (D:3)
  7 adders
  2 white imps
  2 worms (D:2)
  A dart slug (D:1)
  12 orcs
  10 ball pythons
  11 endoplasms
  2 giant cockroaches
  10 goblins
  9 hobgoblins
  6 jackals
  5 kobolds
  A quokka (D:1)
  8 bats
  2 frilled lizards (D:1)
  3 rats
101 creatures vanquished.

Notes
Turn   | Place    | Note
-------+----------+-------------------------------------------
     0 | D:1      | Malachi the Vampire Enchanter began the quest for the Orb.
     0 | D:1      | Reached XP level 1. HP: 13/13 MP: 3/3
   436 | D:1      | Reached XP level 2. HP: 19/19 MP: 5/5
   439 | D:1      | Learned a level 2 spell: Ensorcelled Hibernation
   443 | D:1      | Reached skill level 1 in Ice Magic
   506 | D:1      | Reached skill level 5 in Hexes
   649 | D:1      | Found Odora's Jewellery Shop.
  1054 | D:1      | Gained mutation: You are afflicted with vampirism and can
                  | become a bat while bloodless. [Vampire growth]
  1054 | D:1      | Reached XP level 3. HP: 24/24 MP: 3/6
  1138 | D:2      | Found a faded altar of an unknown god.
  1353 | D:2      | Learned a level 3 spell: Confusing Touch
  1522 | D:2      | Reached XP level 4. HP: 30/30 MP: 7/7
  1623 | D:2      | Reached skill level 6 in Hexes
  1653 | D:2      | Found a radiant altar of Vehumet.
  2301 | D:3      | Found a hide-covered altar of Uskayaw.
  2483 | D:3      | Reached XP level 5. HP: 35/35 MP: 0/8
  2738 | D:3      | Found a stormy altar of Qazlal.
  2740 | D:3      | Noticed a water elemental
  2741 | D:3      | Noticed an air elemental
  2741 | D:3      | Noticed a fire elemental
  2761 | D:3      | Reached skill level 7 in Hexes
  3169 | D:3      | Noticed Natasha
  3194 | D:3      | Killed Natasha
  3373 | D:3      | Reached skill level 8 in Hexes
  3466 | D:3      | Found an ornate altar of the Wu Jian Council.
  3558 | D:3      | Noticed Natasha
  3561 | D:3      | Killed Natasha
  3625 | D:3      | Reached XP level 6. HP: 41/41 MP: 9/9
  3629 | D:3      | Learned a level 3 spell: Tukima's Dance
  3773 | D:3      | Noticed Natasha
  3782 | D:3      | Killed Natasha
  4439 | D:4      | Found a burning altar of Makhleb.
  4517 | D:4      | Found a blossoming altar of Fedhas.
  4760 | D:4      | Found an iron altar of Okawaru.
  4768 | D:4      | Found a faded altar of an unknown god.
  4770 | D:4      | Found a shimmering blue altar of Sif Muna.
  4772 | D:4      | Found a bloodstained altar of Trog.
  4860 | D:3      | Noticed a spectral centipede
  4860 | D:3      | Noticed a spectral black mamba
  4860 | D:3      | Noticed a spectral cane toad
  4861 | D:3      | Became a worshipper of the Wu Jian Council
  4908 | D:5      | Entered Level 5 of the Dungeon
  5293 | D:5      | HP: 2/42 [orc/boomerang (5)]
  5560 | D:5      | Reached skill level 9 in Hexes
  5592 | D:5      | HP: 2/42 [black bear (3)]
  5594 | D:5      | Mangled by a black bear

Illustrated notes

Levels and vault maps discovered:
D:1:      onia_arrival_mini_maze_b, layout_rooms, serial_shops, shop
D:2:      layout_loops_ring, basic_altar, hellmonk_ecumenical_altar_arch_garden
D:3:      minmay_wonky_spiral, layout_basic, pdpol_wu_jian_five_deadly_venoms,
          nicolae_qazlal_style_of_elements, old_standard_altar,
          hangedman_glass_teeth, uniq_natasha
D:4:      layout_rooms, chequers_temple_overflow_minitemple,
          mainiacjoe_overflow_boulevard, fedhas_ov_isle_minmay,
          minmay_fractal_squares_diagonal_5
D:5:      layout_loops_ring, minivault_5

Skill      XL: |  1  2  3  4  5  6 |
---------------+-------------------+-----
Ice Magic      | 1 2 3 |  3.0
Hexes          | 5 6 8 9 |  9.0
Fighting       | |  0.9
Short Blades   | |  1.6
Dodging        | |  2.2
Stealth        | |  4.9
Spellcasting   | |  2.0

Action                   |  1- 3 |  4- 6 || total
-------------------------+-------+-------++-------
Melee: Dagger            |   118 |   125 ||   243
       Bite              |     9 |     7 ||    16
       Great sword       |       |     9 ||     9
Throw: Dart              |     3 |       ||     3
 Cast: Corona            |     8 |     1 ||     9
       Ensorcelled Hiber |    16 |    56 ||    72
       Confusing Touch   |       |     1 ||     1
Invok: Lunge             |       |     2 ||     2
  Use: Scroll            |     1 |     6 ||     7
       Potion            |       |     1 ||     1
 Stab: Sleeping          |    17 |    49 ||    66
       Distracted        |       |     1 ||     1
Armor: Robe              |    27 |    35 ||    62
Dodge: Dodged            |   102 |   170 ||   272
       Rpst.: Great sword |       |    13 ||    13
